[Event "1st Archibald 2019"]
[Site "Sochi"]
[Date "2019.05.18"]
[Round "8.17"]
[White "Zakaryan, David"]
[Black "Dashko, Andrey"]
[Result "1-0"]
[ECO "A29"]
[WhiteElo "2350"]
[BlackElo "2211"]
[Annotator "NA"]
[PlyCount "95"]
[EventDate "2019.05.12"]
[EventType "swiss"]
[EventCountry "RUS"]
[SourceTitle "playchess.com"]
[Source "ChessBase"]
[SourceQuality "1"]
[TimeControl "5400+30"]

1. c4 e5 2. Nc3 Nf6 3. Nf3 Nc6 4. g3 d5 5. cxd5 Nxd5 6. Bg2 Be6 7. O-O Be7 8. d4 exd4 9. Nxd4 Nxc3 10. bxc3 Nxd4 11. cxd4 c6 12. e4 O-O 13. d5 cxd5 14. exd5 Bf5 15. Qb3 Qd7 16. Bf4 Bc5 17. d6 Rab8 18. Rfe1 Be6 19. Bd5 Rfe8 20. Bxe6 Rxe6 21. Rxe6 fxe6 22. Re1 Re8 23. h4 b6 24. Re2 Kh8 25. Be5 Qf7 26. Kg2 Rd8 27. Rd2 Kg8 28. f4 h5 29. Qf3 Qe8 30. Kh3 Rd7 31. g4 hxg4+ 32. Qxg4 Qf7 33. h5 Kf8 34. Qg6 a6 35. Kg4 Ke8 36. Rd1 Kf8 37. Kg5 Ke8 38. Rd3 Kf8 39. Qh7 b5 40. Qh8+ Qg8 41. Qxg8+ Kxg8 42. h6 Kf7 43. hxg7 b4 44. f5 exf5 45. Kxf5 Rd8 46. Rd5 Bb6 47. Bd4 Bc7 48. dxc7 1-0

[Event "1st Archibald 2019"]
[Site "Sochi"]
[Date "2019.05.18"]
[Round "8.18"]
[White "Novikov, Evgenij"]
[Black "Solozhenkina, Elizaveta"]
[Result "1/2-1/2"]
[ECO "A09"]
[WhiteElo "2148"]
[BlackElo "2329"]
[Annotator "NA"]
[PlyCount "134"]
[EventDate "2019.05.12"]
[EventType "swiss"]
[EventCountry "RUS"]
[SourceTitle "playchess.com"]
[Source "ChessBase"]
[SourceQuality "1"]
[TimeControl "5400+30"]

1. Nf3 Nf6 2. c4 e6 3. g3 d5 4. Bg2 d4 5. O-O c5 6. d3 Nc6 7. e3 Bd6 8. exd4 cxd4 9. a3 a5 10. Bg5 h6 11. Bxf6 Qxf6 12. Nbd2 Qe7 13. Ne4 Bc7 14. b4 axb4 15. axb4 Rxa1 16. Qxa1 Qxb4 17. Nxd4 Nxd4 18. Qxd4 O-O 19. Qc3 Qe7 20. Rb1 Rd8 21. Bf1 f5 22. Nd2 b6 23. Nf3 Bb7 24. Bg2 e5 25. Re1 e4 26. dxe4 fxe4 27. Nd2 Be5 28. Qc2 Qb4 29. Re2 Rd4 30. Qa2 Qa5 31. Qc2 Qa1+ 32. Bf1 Rd8 33. Nxe4 Rd1 34. Nd2 Bc8 35. Kg2 Bb7+ 36. f3 Re1 37. Rxe1 Qxe1 38. Qd3 Bf6 39. Qe2 Qxe2+ 40. Bxe2 Bc3 41. Nb3 Bc6 42. Bd3 Ba4 43. Nc1 Bd1 44. Be4 Kf7 45. Nd3 Ke7 46. Nf4 Kd6 47. Kf2 Kc5 48. Nd5 Bd4+ 49. Ne3 Kb4 50. Ke1 Bb3 51. Kd2 Bxe3+ 52. Kxe3 Kxc4 53. f4 b5 54. Bd3+ Kc5 55. Ke4 Bc4 56. Bb1 b4 57. f5 b3 58. g4 Be2 59. h3 Kc4 60. Ke3 Bd1 61. Kd2 Bf3 62. Ke3 Bd1 63. Kd2 Bf3 64. Ke3 Bd5 65. h4 Kc3 66. g5 hxg5 67. hxg5 b2 1/2-1/2

[Event "1st Archibald 2019"]
[Site "Sochi"]
[Date "2019.05.18"]
[Round "8.19"]
[White "Kazimov, Farhan"]
[Black "Najdin, Danil"]
[Result "0-1"]
[ECO "C54"]
[WhiteElo "2146"]
[BlackElo "2314"]
[Annotator "NA"]
[PlyCount "98"]
[EventDate "2019.05.12"]
[EventType "swiss"]
[EventCountry "RUS"]
[SourceTitle "playchess.com"]
[Source "ChessBase"]
[SourceQuality "1"]
[TimeControl "5400+30"]

1. e4 e5 2. Nf3 Nc6 3. Bc4 Nf6 4. d3 Bc5 5. O-O d6 6. h3 h6 7. c3 Bb6 8. b4 g5 9. Be3 g4 10. Nh4 Nxe4 11. Bxb6 axb6 12. g3 Nf6 13. f4 Rg8 14. fxe5 Nxe5 15. Qe1 Qe7 16. Nd2 gxh3 17. Nf5 Bxf5 18. Rxf5 O-O-O 19. d4 h2+ 20. Kh1 Qd7 21. Rxf6 Nxc4 22. Nxc4 Qc6+ 23. Kxh2 Qxc4 24. Rf3 Rde8 25. Re3 Re6 26. Rxe6 fxe6 27. Qe3 Rg5 28. Kg1 Kb8 29. a4 e5 30. Rf1 Qg8 31. Kh2 Rh5+ 32. Kg1 Qa2 33. Rf2 Qxa4 34. dxe5 dxe5 35. Qd3 Qa1+ 36. Rf1 Qa2 37. Rf8+ Ka7 38. Rf2 Rh1+ 39. Kg2 Rh2+ 40. Kxh2 Qxf2+ 41. Kh3 Qe1 42. Qd5 Qe2 43. b5 e4 44. c4 e3 45. Qf7 Qa2 46. Qxc7 e2 47. Qe7 Qd2 48. c5 e1=Q 49. cxb6+ Kxb6 0-1

[Event "1st Archibald 2019"]
[Site "Sochi"]
[Date "2019.05.18"]
[Round "8.20"]
[White "Khudyakov, Stanislav"]
[Black "Alexeev, Alexey"]
[Result "1-0"]
[ECO "C19"]
[WhiteElo "2086"]
[BlackElo "2292"]
[Annotator "NA"]
[PlyCount "143"]
[EventDate "2019.05.12"]
[EventType "swiss"]
[EventCountry "RUS"]
[SourceTitle "playchess.com"]
[Source "ChessBase"]
[SourceQuality "1"]
[TimeControl "5400+30"]

1. e4 e6 2. d4 d5 3. Nc3 Bb4 4. e5 c5 5. a3 Bxc3+ 6. bxc3 Ne7 7. Nf3 Qa5 8. Qd2 Nbc6 9. a4 cxd4 10. cxd4 Qxd2+ 11. Kxd2 f6 12. Ba3 Na5 13. Bd3 Bd7 14. Rhe1 Rc8 15. exf6 gxf6 16. g4 Nc4+ 17. Kc1 Nxa3 18. Rxa3 Nc6 19. h4 h6 20. a5 Ke7 21. Bg6 Kd6 22. a6 bxa6 23. Rxa6 Rhg8 24. h5 Rc7 25. Nh4 Bc8 26. Ra4 a5 27. f4 Bd7 28. Kd2 Ra7 29. c3 Rb8 30. Ra2 a4 31. g5 hxg5 32. fxg5 fxg5 33. Nf3 a3 34. h6 g4 35. Ng5 Raa8 36. h7 Na5 37. Bd3 Ke7 38. Rf1 g3 39. Rf7+ Kd6 40. Rg7 Nb3+ 41. Kc2 Ba4 42. Nf7+ Kc6 43. Ne5+ Kd6 44. Nf7+ Kc6 45. Rxa3 Nxd4+ 46. Kd2 Nb3+ 47. Ke3 Nc5 48. Ne5+ Kb6 49. Rxg3 Nxd3 50. Nd7+ Bxd7 51. Rxa8 Rxa8 52. Rg8 Rxg8 53. hxg8=Q Nc5 54. Qb8+ Nb7 55. Kd4 Kc6 56. Qa7 Kc7 57. Ke5 Bc8 58. Kf6 Bd7 59. Ke7 e5 60. Qa3 e4 61. Qb4 Bc6 62. Qd4 Na5 63. Qa7+ Nb7 64. Ke6 Bd7+ 65. Kxd5 Bc6+ 66. Ke5 Kd7 67. c4 Ke7 68. Qd4 e3 69. Qxe3 Kd7 70. Qb6 Bg2 71. Qe6+ Kc7 72. Qf7+ 1-0

[Event "1st Archibald 2019"]
[Site "Sochi"]
[Date "2019.05.18"]
[Round "8.21"]
[White "Azimov, Ilyas"]
[Black "Yarikov, Artem"]
[Result "1/2-1/2"]
[ECO "D00"]
[WhiteElo "2223"]
[BlackElo "1619"]
[Annotator "NA"]
[PlyCount "173"]
[EventDate "2019.05.12"]
[EventType "swiss"]
[EventCountry "RUS"]
[SourceTitle "playchess.com"]
[Source "ChessBase"]
[SourceQuality "1"]
[TimeControl "5400+30"]

1. d4 d5 2. Nc3 Nf6 3. Bf4 c6 4. e3 Bf5 5. f3 h5 6. Bd3 Bxd3 7. Qxd3 e6 8. e4 Be7 9. e5 Nfd7 10. Nge2 c5 11. O-O Nc6 12. dxc5 Bxc5+ 13. Kh1 O-O 14. Rae1 Ndxe5 15. Qd2 Nc4 16. Qc1 e5 17. Bg5 f6 18. Bd2 Nxd2 19. Qxd2 d4 20. Ne4 Bb4 21. c3 dxc3 22. Qc2 cxb2 23. Rd1 Qe7 24. Qxb2 Rfd8 25. Rxd8+ Rxd8 26. N2g3 Qf7 27. Nf5 Bf8 28. h4 g6 29. Ne3 Bh6 30. Qc3 f5 31. Nf2 Bxe3 32. Qxe3 Qxa2 33. Nh3 Kg7 34. f4 Qd2 35. Qc5 Qd4 36. Qc1 e4 37. Ng5 Rd6 38. Qb1 b6 39. Qa2 Qf6 40. Qa6 Nd4 41. Re1 Kg8 42. Qa2+ Kg7 43. Re3 a5 44. Qa1 a4 45. Re1 Kg8 46. Rd1 Rd5 47. Qa2 Kh8 48. Qb2 b5 49. Qb4 Kg8 50. Qc3 Qd8 51. Rd2 Qd7 52. Rd1 Qd8 53. Qa3 Qd6 54. Qc1 Qd7 55. Qd2 Qd6 56. Qa5 Qd8 57. Qa6 Rd6 58. Qa7 Rd7 59. Qa6 Rd6 60. Qb7 Qd7 61. Qb8+ Kg7 62. Rc1 Nc6 63. Qxb5 Rd1+ 64. Rxd1 Qxd1+ 65. Kh2 Qd6 66. Qb7+ Ne7 67. Qb2+ Qf6 68. Qa2 e3 69. Qxa4 Ng8 70. Qc4 Nh6 71. Kg3 Nf7 72. Ne6+ Kh6 73. Ng5 Kg7 74. Ne6+ Kh6 75. Ng5 Kg7 76. Kf3 Nxg5+ 77. hxg5 Qe7 78. Qd4+ Kf7 79. Qxe3 Qxe3+ 80. Kxe3 Ke6 81. Kd4 Kd6 82. g3 Ke6 83. Kc5 Ke7 84. Kc6 Ke6 85. Kc5 Ke7 86. Kc4 Ke6 87. Kc5 1/2-1/2

[Event "1st Archibald 2019"]
[Site "Sochi"]
[Date "2019.05.18"]
[Round "8.21"]
[White "Azimov, Ilyas"]
[Black "Yarikov, Artem"]
[Result "*"]
[ECO "D00"]
[WhiteElo "2223"]
[BlackElo "1619"]
[Annotator "NA"]
[PlyCount "47"]
[EventDate "2019.05.12"]
[EventType "swiss"]
[EventCountry "RUS"]
[SourceTitle "playchess.com"]
[Source "ChessBase"]
[SourceQuality "1"]
[TimeControl "5400+30"]

1. d4 d5 2. Nc3 Nf6 3. Bf4 c6 4. e3 Bf5 5. f3 h5 6. Bd3 Bxd3 7. Qxd3 e6 8. e4 Be7 9. e5 Nfd7 10. Nge2 c5 11. O-O Nc6 12. dxc5 Bxc5+ 13. Kh1 O-O 14. Rae1 Ndxe5 15. Qd2 Nc4 16. Qc1 e5 17. Bg5 f6 18. Bd2 Nxd2 19. Qxd2 d4 20. Ne4 Bb4 21. c3 dxc3 22. Qc2 cxb2 23. Rd1 Qe8 24. Qxb2 *

[Event "1st Archibald 2019"]
[Site "Sochi"]
[Date "2019.05.18"]
[Round "8.22"]
[White "Yakimenko, Alexander A."]
[Black "Osipov, Aleksandr"]
[Result "1/2-1/2"]
[ECO "C15"]
[WhiteElo "2059"]
[BlackElo "2024"]
[Annotator "NA"]
[PlyCount "118"]
[EventDate "2019.05.12"]
[EventType "swiss"]
[EventCountry "RUS"]
[SourceTitle "playchess.com"]
[Source "ChessBase"]
[SourceQuality "1"]
[TimeControl "5400+30"]

1. e4 e6 2. d4 d5 3. Nc3 Bb4 4. Nge2 dxe4 5. a3 Bxc3+ 6. Nxc3 Nc6 7. Bb5 Nge7 8. O-O O-O 9. Bg5 f6 10. Be3 f5 11. Qd2 b6 12. f3 exf3 13. Rxf3 Bb7 14. Re1 Qd6 15. Qf2 Ng6 16. Bf4 Nxf4 17. Rxf4 Ne7 18. Bc4 Rf6 19. Nb5 Qc6 20. Qe2 Kf7 21. Bb3 a6 22. Nc3 Rd8 23. Rd1 Qd6 24. Rf2 Rh6 25. h3 Rg6 26. Rd3 Kg8 27. Qd2 Kh8 28. Ne2 Be4 29. Nf4 Rf6 30. Re3 c5 31. c3 Ng6 32. Nh5 Rff8 33. Re1 b5 34. Rd1 c4 35. Bc2 Bc6 36. Qg5 Qe7 37. Qxe7 Nxe7 38. Re1 Rd6 39. Rfe2 Bd7 40. Re5 Nd5 41. g3 g5 42. Bd1 Kg8 43. g4 h6 44. gxf5 Rxf5 45. Bg4 Rxe5 46. dxe5 Rb6 47. Rf1 Rb8 48. Nf6+ Nxf6 49. exf6 Kf8 50. Rd1 Rb7 51. Bh5 e5 52. Rd6 a5 53. Ra6 Rb8 54. Ra7 Bxh3 55. Rh7 Kg8 56. Rg7+ Kf8 57. Rf7+ Kg8 58. Rg7+ Kf8 59. Re7 Bd7 1/2-1/2

[Event "1st Archibald 2019"]
[Site "Sochi"]
[Date "2019.05.19"]
[Round "9.6"]
[White "Makoveev, Ilya"]
[Black "Volkov, Sergey"]
[Result "1/2-1/2"]
[ECO "C06"]
[WhiteElo "2290"]
[BlackElo "2572"]
[Annotator "RC"]
[PlyCount "93"]
[EventDate "2019.05.12"]
[EventType "swiss"]
[EventCountry "RUS"]
[SourceTitle "playchess.com"]
[Source "ChessBase"]
[SourceQuality "1"]
[TimeControl "5400+30"]

1. e4 e6 2. d4 d5 3. Nd2 Nf6 4. e5 Nfd7 5. Bd3 c5 6. c3 Nc6 7. Ne2 cxd4 8. cxd4 f6 9. exf6 Nxf6 10. Nf3 Bd6 11. O-O O-O 12. Bf4 Bxf4 13. Nxf4 Ng4 14. Qd2 Qf6 15. Ne2 e5 16. dxe5 Ngxe5 17. Nxe5 Nxe5 18. Nd4 Bg4 19. f3 Bh5 20. Rad1 Bf7 21. b3 a5 22. Bb5 Qb6 23. Rfe1 Nc6 24. Bxc6 bxc6 25. Rc1 Rac8 26. Qc3 Rfe8 27. Rxe8+ Bxe8 28. Qc5 Qb4 29. Rc3 Bd7 30. a3 Qxc5 31. Rxc5 Kf8 32. b4 axb4 33. axb4 Rb8 34. Nxc6 Bxc6 35. Rxc6 Rxb4 36. Rd6 Rd4 37. Rd7 Rd2 38. h4 h5 39. Kh2 d4 40. Kg3 d3 41. Kf4 Rxg2 42. Rxd3 Kf7 43. Rd5 Kg6 44. Rd6+ Kh7 45. Rd5 Kh6 46. Rd6+ g6 47. Ra6 1/2-1/2

[Event "1st Archibald 2019"]
[Site "Sochi"]
[Date "2019.05.19"]
[Round "9.11"]
[White "Zakaryan, David"]
[Black "Solozhenkin, Evgeniy"]
[Result "1/2-1/2"]
[ECO "E12"]
[WhiteElo "2350"]
[BlackElo "2441"]
[Annotator "NA"]
[PlyCount "104"]
[EventDate "2019.05.12"]
[EventType "swiss"]
[EventCountry "RUS"]
[SourceTitle "playchess.com"]
[Source "ChessBase"]
[SourceQuality "1"]
[TimeControl "5400+30"]

1. d4 Nf6 2. c4 e6 3. Nf3 b6 4. a3 Ba6 5. Qc2 Bb7 6. Nc3 c5 7. e4 cxd4 8. Nxd4 d6 9. Be2 a6 {[%emt 0:03:49] E12: Queen's Indian: Unusual White 4th moves, 4 a3, 4 Nc3 Bb7 5 a3 and 4 Nc3 Bb7} (9... Be7 10. O-O O-O 11. Be3 Nbd7 12. f3 a6 13. Rfc1 Rc8 14. Bf1 d5 15. exd5 exd5 16. Nf5 dxc4 17. Nxe7+ Qxe7 18. Re1 b5 19. Rad1 {½-½ (47) Jakovenko,D (2704)-Zhigalko,S (2671) Doha 2016}) 10. O-O Be7 11. Be3 O-O 12. Rad1 Qc7 13. f4 Nbd7 14. g4 Nc5 15. Bf3 {[%emt 0:00:32] [#]} Rfc8 $146 ({Predecessor:} 15... Rae8 16. g5 Nfd7 17. b4 e5 18. fxe5 Ne6 19. exd6 Bxd6 {½-½ (46) Banikas,H (2445)-Lobron,E (2585) Yerevan 1996}) 16. g5 Ne8 17. f5 e5 18. Nde2 Nd7 19. Bg4 Qd8 20. f6 gxf6 21. Nd5 fxg5 22. Ng3 Ng7 23. Qf2 Bxd5 24. cxd5 f6 25. Bxg5 fxg5 26. Qf7+ Kh8 27. Nf5 Nxf5 28. Bxf5 Nf6 29. Bxc8 Rxc8 30. Rc1 Rxc1 31. Rxc1 Qf8 32. Qxf8+ Bxf8 33. Rc6 $11 Nxe4 34. Rxb6 g4 35. Rxa6 Bh6 36. b4 Kg7 37. b5 Kf6 38. b6 Nc5 39. Ra8 e4 40. a4 Ke5 41. a5 Kxd5 42. a6 Kc6 43. b7 Nxb7 44. Rc8+ Kb6 45. axb7 Kxb7 46. Re8 Be3+ 47. Kg2 d5 48. Kg3 Kc6 49. Kxg4 Kc5 50. Kf5 Bd2 51. Rxe4 dxe4 52. Kxe4 Kc4 1/2-1/2

[Event "1st Archibald 2019"]
[Site "Sochi"]
[Date "2019.05.19"]
[Round "9.12"]
[White "Guseva, Marina"]
[Black "Gharagyozyan, Artur"]
[Result "1-0"]
[ECO "E12"]
[WhiteElo "2402"]
[BlackElo "2321"]
[Annotator "NA RC"]
[PlyCount "117"]
[EventDate "2019.05.12"]
[EventType "swiss"]
[EventCountry "RUS"]
[SourceTitle "playchess.com"]
[Source "ChessBase"]
[SourceQuality "1"]
[TimeControl "5400+30"]

1. d4 Nf6 2. c4 e6 3. Nc3 d5 4. cxd5 Nxd5 5. e4 Nxc3 6. bxc3 c5 7. a3 Be7 8. Nf3 O-O 9. Be2 b6 10. O-O Bb7 11. Bd3 Nd7 12. Qe2 Rc8 13. Bb2 Qc7 14. Nd2 {[%emt 0:00:00] E12: Queen's Indian: Unusual White 4th moves, 4 a3, 4 Nc3 Bb7 5 a3 and 4 Nc3 Bb7} e5 (14... Rfd8 15. a4 Ne5 16. Bb5 cxd4 17. cxd4 Qc2 18. Rab1 Bb4 19. d5 Ng6 20. Bc1 Bc3 21. dxe6 Bxd2 22. exf7+ Kxf7 {0-1 (34) Pultinevicius,P (2452)-Petrosyan,M (2567) Riga 2018}) 15. d5 Rcd8 $146 ({Predecessor:} 15... Rce8 16. c4 Bd6 17. g3 Bc8 18. f3 g6 19. Qg2 f6 20. Rf2 Rf7 21. Bc3 Nf8 {½-½ (34) Stluka,F (2137)-Simek,P (2259) Czechia 2006}) 16. c4 Bd6 17. Nf3 Bc8 18. Bc1 Nb8 19. Qc2 Bg4 20. Ne1 Qe7 21. Rb1 Bc7 22. h3 Bc8 23. Nf3 h6 24. Bb2 Rfe8 25. Rfe1 Nd7 26. Be2 Nf8 27. Nh2 Ng6 28. Bg4 Nf4 29. Bxc8 Rxc8 30. Re3 Rcd8 31. Nf1 Rd6 32. Rg3 Nh5 33. Rf3 Nf4 34. Rd1 Rg6 35. Rg3 Nh5 36. Rxg6 fxg6 37. g3 Bd6 38. Qe2 Rf8 39. Nh2 Kh7 40. Nf3 Nf6 41. Kg2 g5 42. Ne1 Qd7 43. f3 Qa4 44. Qc2 Qe8 $16 45. Nd3 Kg8 46. Re1 Kh8 47. Kh2 h5 48. f4 exf4 49. e5 fxg3+ 50. Kg2 Nxd5 51. cxd5 Qf7 52. exd6 Qf3+ 53. Kg1 g4 54. Qd2 Kh7 55. Qg5 Qf7 56. Bxg7 Qxg7 57. Re7 Rf7 58. Qxg7+ Kxg7 59. Ne5 1-0

[Event "1st Archibald 2019"]
[Site "Sochi"]
[Date "2019.05.19"]
[Round "9.15"]
[White "Gritsayeva, Oksana"]
[Black "Ufimtsev, Egor"]
[Result "1-0"]
[ECO "B11"]
[WhiteElo "2383"]
[BlackElo "2101"]
[Annotator "NA RC"]
[PlyCount "117"]
[EventDate "2019.05.12"]
[EventType "swiss"]
[EventCountry "RUS"]
[SourceTitle "playchess.com"]
[Source "ChessBase"]
[SourceQuality "1"]
[TimeControl "5400+30"]

1. e4 c6 2. Nc3 d5 3. Nf3 dxe4 4. Nxe4 Nf6 5. Qe2 Nxe4 6. Qxe4 Qd5 {[%emt 0:09:11] B11: Caro-Kann: Two Knights Variation} (6... Qa5 7. Bd3 Na6 8. Qe5 Qxe5+ 9. Nxe5 Nb4 10. Be4 f6 11. c3 Nd5 12. Nf3 a5 13. d4 a4 14. Bd2 {½-½ (41) Adams,M (2703)-Howell,D (2696) London 2018}) 7. Qh4 Qe6+ 8. Be2 Qg4 9. Qxg4 Bxg4 10. h3 Bxf3 $146 ({Predecessor:} 10... Bh5 11. g4 Bg6 12. d3 Nd7 13. Nh4 e5 14. f4 {0-1 (56) Melnikov,D (2353)-Malofeev,A (2277) St Petersburg 2007}) 11. Bxf3 e5 12. O-O Bd6 13. b4 Nd7 14. Rb1 Rc8 15. c3 O-O 16. d3 f5 17. c4 b6 18. Be3 c5 19. b5 e4 20. dxe4 Ne5 21. exf5 Nxf3+ 22. gxf3 Rxf5 23. Rfd1 Bf4 $14 24. Kg2 Rcf8 25. Rb3 Rg5+ 26. Kf1 Rgf5 27. Rd7 Bb8 28. Rbd3 Rxf3 29. Ke2 R3f7 30. a4 Rxd7 31. Rxd7 Rf7 32. Rd8+ Rf8 33. Rd5 Kf7 34. Rd7+ Kg6 35. Rb7 Rc8 36. Kd3 Kf6 37. Ke4 Re8+ 38. Kd3 Rd8+ 39. Ke2 Rc8 40. Bd2 h6 41. Bc3+ Be5 42. Bxe5+ Kxe5 43. Ke3 Rd8 44. Re7+ Kf5 45. Rf7+ Kg5 46. Rxa7 Rd4 47. Rxg7+ Kh5 48. f4 Rxc4 49. f5 Rxa4 50. f6 Ra1 51. Kf2 Ra4 52. Ke3 Ra1 53. Ke4 Rf1 54. f7 Rf2 55. Ke5 Rf1 56. Ke6 Re1+ 57. Kd7 Rf1 58. Ke8 Re1+ 59. Kf8 1-0

[Event "1st Archibald 2019"]
[Site "Sochi"]
[Date "2019.05.19"]
[Round "9.16"]
[White "Solozhenkina, Elizaveta"]
[Black "Khudyakov, Stanislav"]
[Result "1-0"]
[ECO "C11"]
[WhiteElo "2329"]
[BlackElo "2086"]
[Annotator "NA RC"]
[PlyCount "111"]
[EventDate "2019.05.12"]
[EventType "swiss"]
[EventCountry "RUS"]
[SourceTitle "playchess.com"]
[Source "ChessBase"]
[SourceQuality "1"]
[TimeControl "5400+30"]

1. e4 e6 2. d4 d5 3. Nc3 Nf6 4. e5 Nfd7 5. f4 c5 6. Nf3 Nc6 7. Be3 a6 8. Qd2 b5 9. dxc5 Bxc5 10. Bd3 {[%emt 0:02:24] C11: French: Classical System: 4 e5 and 4 Bg5 dxe4} Qb6 11. Bf2 Bxf2+ 12. Qxf2 Qxf2+ 13. Kxf2 Nc5 14. Ne2 Bb7 15. Ned4 Ne7 $146 ({Predecessor:} 15... Nb4 16. Ke3 Rc8 17. a3 Nbxd3 18. cxd3 {1-0 (29) Ragger,M (2697)-Elliott,W (2238) Baku 2016}) 16. Rhe1 Rc8 17. Nd2 g6 18. N2b3 Ne4+ 19. Kg1 O-O 20. a4 bxa4 21. Rxa4 Nc6 22. Nxc6 Rxc6 $16 23. Rb4 Rc7 24. c3 f6 25. exf6 Rxf6 26. g3 h5 27. Bxe4 dxe4 28. Na5 Ba8 29. Rb6 Bd5 30. c4 Ba8 31. Rxa6 Rc8 32. b4 h4 33. b5 hxg3 34. hxg3 g5 35. fxg5 Rf3 36. Rxe6 Rxg3+ 37. Kf2 Rxg5 38. Ke3 Rf8 39. Nc6 Rg4 40. Ne5 Rg3+ 41. Kd4 Rc8 42. b6 Kg7 43. Rd6 Rg2 44. Rd1 Re8 45. c5 e3 46. Nd3 Rc2 47. Rg1+ Kh7 48. Rd7+ Kh6 49. b7 Bxb7 50. Rxb7 e2 51. Rb6+ Kh7 52. Re1 Rd8+ 53. Rd6 Re8 54. Rd5 Rd2 55. Kc3 Rd1 56. Kc2 1-0

[Event "1st Archibald 2019"]
[Site "Sochi"]
[Date "2019.05.19"]
[Round "9.18"]
[White "Yandarbiev, Ruslan"]
[Black "Bimiev, Ahmad"]
[Result "0-1"]
[ECO "A06"]
[WhiteElo "2279"]
[BlackElo "2196"]
[Annotator "NA RC"]
[PlyCount "62"]
[EventDate "2019.05.12"]
[EventType "swiss"]
[EventCountry "RUS"]
[SourceTitle "playchess.com"]
[Source "ChessBase"]
[SourceQuality "1"]
[TimeControl "5400+30"]

1. b3 c5 2. Bb2 Nc6 3. e3 Nf6 4. Nf3 d5 5. Bb5 Bd7 6. O-O e6 7. d3 a6 8. Bxc6 Bxc6 9. Nbd2 Bd6 10. Ne5 O-O 11. c4 Nd7 12. Ndf3 f6 13. Nxd7 Qxd7 14. cxd5 exd5 15. h3 Kh8 16. d4 c4 17. Qd2 b5 18. Bc3 Qe7 19. b4 Bd7 20. a3 Bf5 21. a4 a5 22. Rfb1 Bxb1 23. Rxb1 axb4 24. Bxb4 Bxb4 25. Rxb4 bxa4 26. Rb2 a3 27. Ra2 Rfb8 28. Qc2 Qe4 29. Qd2 Qb1+ 30. Kh2 Rb2 31. Rxb2 Qxb2 0-1

[Event "1st Archibald 2019"]
[Site "Sochi"]
[Date "2019.05.19"]
[Round "9.19"]
[White "Potapova, Margarita"]
[Black "Novikov, Evgenij"]
[Result "1-0"]
[ECO "D37"]
[WhiteElo "2253"]
[BlackElo "2148"]
[Annotator "NA RC"]
[PlyCount "89"]
[EventDate "2019.05.12"]
[EventType "swiss"]
[EventCountry "RUS"]
[SourceTitle "playchess.com"]
[Source "ChessBase"]
[SourceQuality "1"]
[TimeControl "5400+30"]

1. d4 d5 2. c4 e6 3. Nc3 Nf6 4. Nf3 Be7 5. Bf4 b6 6. e3 O-O 7. cxd5 exd5 8. Ne5 c5 9. Bd3 Bb7 10. O-O Nc6 11. Rc1 a6 12. dxc5 bxc5 13. Na4 c4 14. Bb1 Rc8 15. Nc3 Qb6 $11 16. Qe2 Nxe5 17. Bxe5 Qe6 18. Bd4 Rfd8 19. Qf3 Ne4 20. Rfd1 f5 21. Ne2 g6 22. Qf4 Bd6 23. Qh6 Bf8 24. Qf4 Bd6 25. Qh6 Bf8 26. Qh3 Qf7 27. Bxe4 dxe4 28. g3 Rc6 29. Qf1 g5 30. Bc3 Rd3 31. Nd4 Rh6 32. Qe2 g4 33. Qf1 Rd6 34. Ne2 Qd7 35. Re1 Bh6 36. Be5 Rxe3 37. Bxd6 Qxd6 38. fxe3 Bxe3+ 39. Kh1 Bxc1 40. Nxc1 e3+ 41. Kg1 Qc5 42. Re2 c3 43. bxc3 Qxc3 44. Nb3 Bf3 45. Qe1 1-0

[Event "1st Archibald 2019"]
[Site "Sochi"]
[Date "2019.05.19"]
[Round "9.20"]
[White "Yudkevich, Mikhail"]
[Black "Azimov, Ilyas"]
[Result "1/2-1/2"]
[ECO "A62"]
[WhiteElo "1971"]
[BlackElo "2223"]
[Annotator "NA RC"]
[PlyCount "205"]
[EventDate "2019.05.12"]
[EventType "swiss"]
[EventCountry "RUS"]
[SourceTitle "playchess.com"]
[Source "ChessBase"]
[SourceQuality "1"]
[TimeControl "5400+30"]

1. d4 Nf6 2. c4 e6 3. g3 c5 4. d5 exd5 5. cxd5 d6 6. Nc3 g6 7. Bg2 Bg7 8. Nf3 O-O 9. O-O Re8 10. Bf4 Ne4 11. Nxe4 Rxe4 12. Nd2 Rxf4 13. gxf4 Bxb2 14. Rb1 Bg7 15. e4 Qf6 16. Qf3 Nd7 17. Rfe1 Rb8 18. e5 dxe5 19. fxe5 Nxe5 20. Qxf6 Bxf6 21. Ne4 Kg7 22. Nxc5 b6 23. Rb3 Bf5 24. Ne4 Bxe4 25. Rxe4 Rd8 26. Ra4 Rd7 27. f4 Ng4 28. Rba3 Be7 29. Rxa7 Bc5+ 30. Kf1 Nxh2+ 31. Ke2 Rd6 32. Rd3 Ng4 33. Bh3 Nh6 34. Kf3 Rf6 35. Ke4 Bd6 36. Rf3 Ng8 37. Rd7 h5 38. Be6 Bc5 39. Bh3 Ne7 40. Rd3 Bd6 41. Rf3 Bc5 42. Rd3 Nc8 43. Ke5 Bd6+ 44. Rxd6 Nxd6 45. Rc3 b5 46. Rc6 Nc4+ 47. Ke4 h4 48. a4 Rxc6 49. dxc6 bxa4 50. Kd3 a3 51. Kxc4 a2 52. c7 a1=Q 53. c8=Q Qc1+ 54. Kd3 Qxf4 55. Ke2 Qh2+ 56. Kf1 f5 57. Bg2 Qf4+ 58. Kg1 Qe3+ 59. Kh1 h3 60. Qb7+ Kh6 61. Bd5 f4 62. Qc6 Qe1+ 63. Kh2 Qf2+ 64. Kh1 h2 65. Qc1 Kh5 66. Bg2 f3 67. Bxf3+ Qxf3+ 68. Kxh2 Qe2+ 69. Kg3 Qg4+ 70. Kh2 Qf3 71. Qc2 Qf4+ 72. Kh1 Qf3+ 73. Kg1 Qg3+ 74. Kh1 Qh3+ 75. Kg1 Qe3+ 76. Kh1 Qf3+ 77. Kg1 Qh3 78. Qc7 Qe3+ 79. Kh1 g5 80. Qc2 Kh4 81. Qh7+ Kg4 82. Qc2 Qe1+ 83. Kh2 Qg3+ 84. Kh1 Qf3+ 85. Kg1 Qf4 86. Kh1 Kf3 87. Qf2+ Kg4 88. Qc2 Qe3 89. Qg2+ Kh4 90. Qc2 Qf3+ 91. Kg1 Qe3+ 92. Kh1 Qf4 93. Qh7+ Kg4 94. Qc2 Kf3 95. Qf2+ Ke4 96. Qc2+ Ke3 97. Qc3+ Ke2 98. Qc2+ Ke1 99. Qf2+ Kd1 100. Kg2 Qg4+ 101. Qg3 Qe2+ 102. Qf2 Qxf2+ 103. Kxf2 1/2-1/2

[Event "1st Archibald 2019"]
[Site "Sochi"]
[Date "2019.05.19"]
[Round "9.22"]
[White "Yarikov, Artem"]
[Black "Yakimenko, Alexander A."]
[Result "0-1"]
[ECO "C01"]
[WhiteElo "1619"]
[BlackElo "2059"]
[Annotator "NA RC"]
[PlyCount "126"]
[EventDate "2019.05.12"]
[EventType "swiss"]
[EventCountry "RUS"]
[SourceTitle "playchess.com"]
[Source "ChessBase"]
[SourceQuality "1"]
[TimeControl "5400+30"]

1. e4 e6 2. d4 d5 3. exd5 exd5 4. c4 Bb4+ 5. Nc3 Qe7+ 6. Qe2 Nc6 7. Qxe7+ Ngxe7 8. Nf3 Bg4 9. Be3 Nf5 10. O-O-O Nxe3 11. fxe3 dxc4 12. Bxc4 O-O 13. a3 Bd6 14. h3 Bxf3 15. gxf3 Rfe8 16. Rhe1 a6 17. Kb1 Rab8 18. Ka2 b5 19. Bd5 Ne7 20. Be4 c6 21. b4 a5 22. Kb3 Red8 23. Bd3 f5 24. Bc2 g6 25. Re2 Rd7 26. Red2 Ra7 27. Bb1 Rba8 28. Ra2 Nd5 29. Nxd5 cxd5 30. Rc1 Ra6 31. Rc3 Kf7 32. Rc1 Ke7 33. Re1 axb4 34. axb4 Rxa2 35. Bxa2 Bxb4 36. Re2 Bd6 37. e4 dxe4 38. fxe4 fxe4 39. Rxe4+ Kf6 40. Kb2 Kf5 41. Rg4 Ra3 42. Bb3 Ra7 43. Bc2+ Kf6 44. Re4 Ba3+ 45. Kb3 Bd6 46. Kb2 Re7 47. Rxe7 Bxe7 48. Bd3 b4 49. Kc2 Kg5 50. Bc4 Kh4 51. Be6 h5 52. Kd3 g5 53. Ke2 Kg3 54. Ke3 Kg2 55. Ke2 g4 56. hxg4 h4 57. Kd3 Kg3 58. Kc4 Kf4 59. Kb3 h3 60. g5 h2 61. g6 h1=Q 62. g7 Qf3+ 63. Kb2 Qg2+ 0-1